 Dungeon Crawl Stone Soup version 0.22-a0-558-gc2241811a9 (webtiles) character file.

714 Kholdaimon the Covert (level 7, -2/52 HPs)
             Began as a Vampire Assassin on June 26, 2018.
             Was a Believer of Uskayaw.
             Splashed by a jelly's acid (11 damage)
             ... on level 5 of the Dungeon.
             The game lasted 00:29:40 (6693 turns).

Kholdaimon the Covert (Vampire Assassin)            Turns: 6693, Time: 00:29:40

Health: -2/52      AC: -1    Str: 12    XL:     7   Next: 41%
Magic:  7/7        EV: 11    Int: 14    God:    Uskayaw [**....]
Gold:   184        SH:  3    Dex: 15    Spells: 6/6 levels left

rFire    . . .     SeeInvis +   a - +2 dagger
rCold    + . .     Gourm    .   j - +0 buckler
rNeg     + + .     Faith    .   u - +0 ring mail
rPois    +         Spirit   .   t - +2 hat
rElec    .         Reflect  .   d - +0 cloak
rCorr    .         Harm     .   (no gloves)
MR       .....                  (no boots)
Stlth    ++++......             (no amulet)
HPRegen  0.08/turn              (no ring)
MPRegen  0.10/turn              y - +3 ring of protection

@: corroded, regenerating slowly
A: fangs 3, see invisible, unbreathing
a: Bat Form, Stomp, Line Pass, Renounce Religion


You were on level 5 of the Dungeon.
You worshipped Uskayaw.
Uskayaw was noncommittal.
You were thirsty.

You visited 2 branches of the dungeon, and saw 6 of its levels.

You collected 184 gold pieces.

Inventory:

Hand Weapons
 a - a +2 dagger (weapon)
 b - a +0 blowgun
Missiles
 e - 8 poisoned needles
 f - 2 curare-tipped needles
 p - 132 stones (quivered)
Armour
 d - a +0 cloak (worn)
 j - a +0 buckler (worn)
 o - a scarf of spirit shield
 t - a +2 hat (worn)
 u - a +0 ring mail (worn)
Jewellery
 k - an uncursed ring of protection from magic {unknown}
 y - a +3 ring of protection (right hand)
Wands
 c - a wand of iceblast (9)
Scrolls
 h - 2 scrolls of blinking {unknown}
 i - 2 scrolls of identify
 n - 4 scrolls of remove curse
Potions
 g - 10 potions of blood
 l - a potion of degeneration {unknown}
 m - 2 potions of heal wounds {unknown}
 q - a potion of cancellation {unknown}
 r - a potion of flight {unknown}
 s - a potion of agility {unknown}
 v - a potion of brilliance {unknown}


   Skills:
 + Level 3.6 Fighting
 + Level 4.4 Short Blades
 + Level 3.3 Throwing
 + Level 4.0 Dodging
 + Level 8.1 Stealth
 * Level 0.2 Shields
 * Level 0.2 Invocations


You had 6 spell levels left.
You didn't know any spells.
Your spell library was empty.

Dungeon Overview and Level Annotations

Branches:
Dungeon (5/15)             Temple (1/1) D:4

Altars:
Ashenzari
Cheibriados
Dithmenos
Elyvilon
Gozag
Hepliaklqana
Kikubaaqudgha
Makhleb
Nemelex Xobeh
Qazlal
Sif Muna
Trog
Uskayaw
Vehumet
Wu Jian
Xom
Beogh

Annotations:
D:4 Menkaure


Innate Abilities, Weirdness & Mutations

You heal slowly.
You have razor-sharp teeth.
You have supernaturally acute eyesight. (SInv)
You can survive without breathing.


Message History

The jelly is severely wounded.
Your ring mail prevents you from hitting the jelly.
The jelly is severely wounded.
You block the jelly's attack.
You hit the jelly but do no damage. The acid corrodes you!
Your hands burn!
The jelly is severely wounded.
The jelly barely misses you.
You hit the jelly but do no damage.
Your hands burn!
* * * LOW HITPOINT WARNING * * *
You bite the jelly.
The jelly is almost dead.
You block the jelly's attack.
You hit the jelly but do no damage. The acid corrodes you!
Your hands burn!
* * * LOW HITPOINT WARNING * * *
You bite the jelly, but do no damage.
The jelly is almost dead.
The jelly hits you.
* * * LOW HITPOINT WARNING * * *
You are splashed with acid!
The acid burns!
You die...

........## .....
.........#####..#.##.
.........#......#...
#........<.........
..............@J.....#
......................
..............####.#.#
...........#....# #
.........########
.............
.........#.#
.....a.....
.........##


You could see a jelly.

Vanquished Creatures
  2 centaurs (D:4)
  A crimson imp (D:5)
  3 orc priests
  Natasha (thrice) (D:3)
  Terence (D:2)
  3 orc wizards (D:4)
  3 worker ants (D:4)
  A hound skeleton (D:4)
  3 gnolls (D:4)
  3 adders
  2 worms
  5 leopard geckos
  12 orcs
  7 bats
  3 giant cockroaches
  9 hobgoblins
  13 jackals
  11 kobolds
  A quokka (D:3)
  5 frilled lizards
  7 goblins
  A leopard gecko skeleton (D:4)
  A quokka skeleton (D:5)
  6 rats
106 creatures vanquished.

Notes
Turn   | Place    | Note
-------+----------+-------------------------------------------
     0 | D:1      | Kholdaimon the Vampire Assassin began the quest for the Orb.
     0 | D:1      | Reached XP level 1. HP: 16/16 MP: 1/1
   121 | D:1      | Reached skill level 6 in Stealth
   127 | D:1      | Reached XP level 2. HP: 12/22 MP: 2/2
   925 | D:2      | Reached XP level 3. HP: 27/27 MP: 3/3
  1406 | D:2      | Found a faded altar of an unknown god.
  1721 | D:2      | Noticed Terence
  1728 | D:2      | Killed Terence
  1728 | D:2      | Reached XP level 4. HP: 34/34 MP: 4/4
  2157 | D:3      | Reached XP level 5. HP: 13/39 MP: 5/5
  2959 | D:3      | Noticed Natasha
  2964 | D:3      | Killed Natasha
  2986 | D:3      | Noticed Natasha
  2986 | D:3      | Reached skill level 7 in Stealth
  3001 | D:3      | Killed Natasha
  3005 | D:3      | Found a sparkling altar of Nemelex Xobeh.
  3572 | D:3      | Noticed Natasha
  3588 | D:3      | Killed Natasha
  3978 | D:4      | Reached XP level 6. HP: 24/46 MP: 6/6
  4957 | D:4      | Noticed Menkaure
  5454 | D:4      | Found a staircase to the Ecumenical Temple.
  5459 | D:4      | Reached XP level 7. HP: 52/52 MP: 7/7
  5499 | Temple   | Entered the Ecumenical Temple
  5591 | Temple   | Became a worshipper of Uskayaw the Reveler
  5666 | D:4      | Reached * piety under Uskayaw
  5668 | D:4      | Reached ** piety under Uskayaw
  5678 | D:4      | Reached skill level 8 in Stealth
  5684 | D:4      | Reached *** piety under Uskayaw
  5739 | D:4      | Found a roughly hewn altar of Beogh.
  5756 | D:4      | Reached **** piety under Uskayaw
  5767 | D:4      | Reached ***** piety under Uskayaw
  6607 | D:5      | Entered Level 5 of the Dungeon
  6693 | D:5      | Splashed by a jelly's acid

Vault maps used:
D:1:      ncdulo_wetmaze
D:2:      chequers_ecumenical_altar_island, first_ration, uniq_terence
D:3:      nemelex_altar_shiori, uniq_natasha
D:4:      minmay_temple_entry_statues_fountains, minmay_misc_feat_four_crosses,
          corexii_hall_statues_deadend, kennysheep_orc_chapel, uniq_menkaure
D:5:      nicolae_tso_besieged_by_evil, serial_aquarium, aquarium_bridge_square,
          aquarium_bridge_straight, aquarium_window_2, aquarium_window_1,
          aquarium_view_2a, aquarium_pool_side
Temple:   eino_temple_scatter_basement

Skill      XL: |  1  2  3  4  5  6  7 |
---------------+----------------------+-----
Stealth        | 6 7 8 |  8.1
Fighting       | 2 3 |  3.6
Throwing       | 2 3 |  3.3
Dodging        | 2 3 4 |  4.0
Short Blades   | 3 4 |  4.4
Shields        | |  0.2
Invocations    | |  0.2

Action                   |  1- 3 |  4- 6 |  7- 9 || total
-------------------------+-------+-------+-------++-------
Melee: Dagger            |    97 |   241 |    94 ||   432
       Bite              |     4 |    37 |     9 ||    50
 Fire: Blowgun           |       |     1 |       ||     1
Throw: Stone             |     1 |       |       ||     1
 Abil: End Transformatio |       |     1 |     1 ||     2
       Bat Form          |       |     1 |     1 ||     2
  Use: Scroll            |       |     6 |       ||     6
       Potion            |       |    11 |     2 ||    13
 Stab: Sleeping          |    11 |    11 |     5 ||    27
       Distracted        |     2 |       |       ||     2
       Paralysed         |       |       |     2 ||     2
Armor: Robe              |    22 |       |       ||    22
       Ring mail         |       |    95 |    31 ||   126
Dodge: Dodged            |    42 |   121 |    40 ||   203
Block: Buckler           |       |    11 |    10 ||    21

Table legend:
 A = Spawn XP
 B = Non-spawn XP
 C = Spawn XP percentage of total XP
 D = Spawn monster count
 E = Non-spawn monster count
 F = Spawn count percentage of total count
 G = Total turns spent on level
                    A         B        C        D         E        F      G
               +---------+---------+-------+---------+---------+-------+---------
         Total |       0 |    1020 |   0.0 |       0 |     106 |   0.0 |  6693
               +---------+---------+-------+---------+---------+-------+---------
           D:1 |       0 |      37 |   0.0 |       0 |      22 |   0.0 |   895
           D:2 |       0 |      94 |   0.0 |       0 |      20 |   0.0 |  1547
           D:3 |       0 |     212 |   0.0 |       0 |      30 |   0.0 |  2374
           D:4 |       0 |     628 |   0.0 |       0 |      32 |   0.0 |  1741
           D:5 |       0 |      49 |   0.0 |       0 |       2 |   0.0 |    34
               +---------+---------+-------+---------+---------+-------+---------
